cohdb
Replays
Latest Replays
All Replays
Popular Replays
Top Player Replays
Match Explorer
How It Works
Community
CoH3 Stats
Reddit
Sign in to upload your games and track your stats! →
Sign in with Steam
Match 42120057
Unlisted
Match 42120057
Overview
Messages
Build Orders
End
Construct Barracks
Riflemen Squad
Riflemen Squad
Grenade Package
Riflemen Squad
Construct Medical Station
Infantry Support Center
Construct Weapon Support Center
Selects Heavy Weapons
Selects Assault Carriers
Bazooka Squad
M3 Assault Carrier
Bazooka Squad
Selects Exchangeable Parts
Improved M9 Bazooka Rockets
Construct Motor Pool
M1 Anti-tank Gun Team
M1918 Browning Automatic Rifles
Advanced Logistics
M1919 Machine Gun Team
M1919 Machine Gun Team
Sniper
Selects M26 Pershing Heavy Tank
SMOKO
Zo͞olo͞oKōbrə
CAuMOH
Kitsuné
0
0
Comments
sign in to comment!
No comments posted yet!